 Dungeon Crawl Stone Soup version 0.28.0 (webtiles) character file.

Game seed: 8443808026598538478

63 tizbic2 the Magician (level 4, -2/33 HPs)
             Began as a Djinni Air Elementalist on Feb 4, 2022.
             Was an Initiate of Yredelemnul.
             Slain by Terence (3 damage)
             ... on level 3 of the Dungeon.
             The game lasted 00:08:49 (2098 turns).

tizbic2 the Magician (Djinni Air Elementalist)      Turns: 2098, Time: 00:08:50

Health: -2/33      AC:  5    Str:  9    XL:     4   Next: 30%
Gold:   20         EV: 10    Int: 17    God:    Yredelemnul [......] SH:  0 Dex: 13

rFire   + + .      SeeInvis .   d - +0 long sword
rCold   x . .      Faith    .   (no shield)
rNeg    . . .      Spirit   .   i - +0 ring mail
rPois   ∞          Reflect  .   (no helmet)
rElec   .          Harm     .   (no cloak)
rCorr   .          Rampage  .   (no gloves)
Will    .....                   (boots unavailable)
Stlth   +.........              h - amulet of the acrobat
HPRegen 0.11/turn               (no ring)
MPRegen 0.00/turn               (no ring)

@: brilliant, flying
A: sickness immunity, fire resistance 2, cold vulnerability 1, float, innate
caster, HP casting, extra vitality 1
a: Renounce Religion, Recall Undead Harvest


You were on level 3 of the Dungeon.
You worshipped Yredelemnul.
Yredelemnul was noncommittal.
You visited 1 branch of the dungeon, and saw 3 of its levels.

You collected 20 gold pieces.

Inventory:

Hand Weapons
 d - a +0 long sword (weapon)
Missiles
 b - a javelin (quivered)
 c - 3 poisoned darts
 e - 108 stones
Armour
 a - a +0 robe
 i - a +0 ring mail (worn)
Jewellery
 h - an amulet of the acrobat (around neck)
Potions
 g - a potion of brilliance


   Skills:
 + Level 1.9 Fighting
 + Level 1.1 Long Blades
 - Level 2.1 Dodging
 - Level 1.5 Stealth
 + Level 3.1 Spellcasting


You couldn't memorise any spells.
You knew the following spells:

 Your Spells              Type           Power      Damage    Failure   Level
a - Shock                 Conj/Air       80%        1d8       13%         1
b - Static Discharge      Conj/Air       20%        N/A       21%         2
c - Swiftness             Air            20%        N/A       36%         3
d - Airstrike             Air            10%        N/A       78%         4
e - Slow                  Hex            80%        N/A       13%         1
Your spell library was empty.

Dungeon Overview and Level Annotations

Branches:
Dungeon (2/15)

Altars:
Yredelemnul

Annotations:
D:2 Robin
D:3 Terence


Innate Abilities, Weirdness & Mutations

You are immune to sickness and miasma.
You are immune to poison.
Your flesh is very heat resistant. (rF++)
You are vulnerable to cold. (rC-)
You float through the air rather than walking.
You learn spells naturally, not from books.
Your magical power is your life essence.
You have superior vitality. (+4 MHP)


Message History

Aim: a hobgoblin (71% to hit)
You feel a surge of power!
The zap hits the hobgoblin.
You kill the hobgoblin!
* * * LOW HITPOINT WARNING * * *
Your dart slug zombie bites Terence.
Terence hits your dart slug zombie with a +1 falchion of electrocution.
Lightning courses through your dart slug zombie!
Your dart slug zombie is destroyed!
Throw: 2 javelins
Press: ? - help, Q - select action, (/) - cycle Shift-Dir - straight line, f - Terence
Aim: Terence, wielding a +1 falchion of electrocution and wearing a +0 scale mail (severely wounded, ally target, 60% to hit)
You throw a javelin. The javelin barely misses Terence.
You swap places.
Terence hits your worm zombie with a +1 falchion of electrocution.
Lightning courses through your worm zombie!
Terence hits your worm zombie with a +1 falchion of electrocution!
Casting: Shock (safe; 13% risk of failure)
Confirm with . or Enter, or press ? or * to list all spells.
Okay, then.
Terence hits your worm zombie with a +1 falchion of electrocution!
Lightning courses through your worm zombie!!
Your worm zombie is destroyed!
Terence misses you.
You hit Terence. You punch Terence, but do no damage.
Terence is almost dead.
Terence barely misses you.
Casting: Shock (safe; 13% risk of failure)
Confirm with . or Enter, or press ? or * to list all spells.
Aiming: Shock (safe; 13% risk of failure)
Press: ? - help, Shift-Dir - straight line, p - Terence You feel a surge of power!
The zap hits Terence.
Terence is almost dead.
* * * LOW HITPOINT WARNING * * *
Terence hits you with a +1 falchion of electrocution!
* * * LOW HITPOINT WARNING * * *
You hit Terence but do no damage.
Terence is almost dead.
Terence hits you with a +1 falchion of electrocution.
You die...
Your body rises from the dead as a mindless zombie.

#..........>..#####
#..###.....#..#
#..###.#####.#... ########
#......# #.#.### #......#
##..##### #...# #......#
##...# #..##
#......#####...## #..#
#..............##########..#
#..............@@...........
#......###...###........#.#.
#......# ##### #.......##
######## #............
#......(##.## #.......# #
#.......# #.......#
#########


You could see Terence.

Vanquished Creatures
  An adder (D:3)
  A worm (D:3)
  2 dart slugs (D:1)
  A bat (D:1)
  4 endoplasms (D:1)
  A giant cockroach (D:3)
  5 goblins
  6 hobgoblins
  2 jackals (D:3)
  4 ball pythons
  A giant cockroach zombie (D:3)
  3 kobolds
  2 rats
33 creatures vanquished.

Vanquished Creatures (collateral kills)
  A dart slug (D:3)
  A worm (D:2)
  An endoplasm (D:3)
  A jackal (D:3)
  A quokka (D:3)
  2 ball pythons
7 creatures vanquished.

Vanquished Creatures (others)
  A worm zombie (D:3)
  An adder zombie (D:3)
  3 ball python zombies
  A dart slug zombie (D:3)
  A goblin zombie (D:2)
  2 hobgoblin zombies (D:3)
9 creatures vanquished.

Grand Total: 49 creatures vanquished

Notes
Turn   | Place    | Note
-------+----------+-------------------------------------------
     0 | D:1      | tizbic2 the Djinni Air Elementalist began the quest for the
                  | Orb.
     0 | D:1      | Reached XP level 1. HP: 15/15 MP: 0/0
    69 | D:1      | Reached XP level 2. HP: 16/22 MP: 0/0
   224 | D:1      | Reached skill level 1 in Fighting
  1118 | D:1      | Reached XP level 3. HP: 26/27 MP: 0/0
  1118 | D:1      | Learned a level 1 spell: Slow
  1130 | D:1      | Found a faded altar of an unknown god.
  1146 | D:1      | Prayed at the altar of an unknown god.
  1146 | D:1      | Became a worshipper of Yredelemnul the Dark
  1146 | D:1      | Reached * piety under Yredelemnul
  1362 | D:2      | Reached skill level 3 in Spellcasting
  1443 | D:2      | Noticed Robin
  1443 | D:2      | You are sucked into a shaft and drop 1 floor!
  1644 | D:3      | Reached skill level 1 in Long Blades
  1644 | D:3      | Reached XP level 4. HP: 4/33 MP: 0/0
  2071 | D:3      | Noticed Terence
  2084 | D:3      | HP: 1/33 [Terence (9)]
  2097 | D:3      | HP: 1/33 [Terence (7)]
  2098 | D:3      | Slain by Terence

Illustrated notes

Levels and vault maps discovered:
D:1:      arrival_zaba_pyramid, layout_basic,
          shapermc_ecumenical_altar_starsandcircs, minmay_tromino_v4_c
D:2:      layout_basic, uniq_robin
D:3:      layout_rooms, uniq_terence

Skill      XL: |  1  2  3 |
---------------+----------+-----
Fighting       | 1 |  1.9
Spellcasting   | 3 |  3.1
Long Blades    | 1 |  1.1
Dodging        | |  2.1
Stealth        | |  1.5

Action                   |  1- 3 |  4- 6 || total
-------------------------+-------+-------++-------
Melee: Long sword        |    18 |    10 ||    28
       Unarmed           |     1 |       ||     1
       Punch             |       |     1 ||     1
Throw: Javelin           |       |     1 ||     1
 Cast: Shock             |    28 |     7 ||    35
       Static Discharge  |     8 |       ||     8
       Swiftness         |     1 |       ||     1
       Slow              |       |     1 ||     1
  Use: Scroll            |     2 |       ||     2
       Potion            |       |     2 ||     2
 Stab: Sleeping          |     1 |       ||     1
Armor: Robe              |     4 |       ||     4
Dodge: Dodged            |    34 |     9 ||    43
